 Dungeon Crawl Stone Soup version 0.29-a0-384-g6960b1960d (webtiles) character file.

Game seed: 11658298225160788334

82 Hubjo the Firebug (level 4, -5/26 HPs)
             Began as a Deep Elf Fire Elementalist on May 6, 2022.
             Slain by a gnoll
             ... wielding a +0 halberd
              (15 damage)
             ... on level 3 of the Dungeon.
             The game lasted 00:02:35 (2759 turns).

Hubjo the Firebug (Deep Elf Fire Elementalist)      Turns: 2759, Time: 00:02:36

Health: -5/26      AC:  2    Str:  5    XL:     4   Next: 21%
Magic:  2/11       EV: 13    Int: 20    God:
Gold:   82         SH:  0    Dex: 17    Spells: 9/10 levels left

rFire   . . .      SeeInvis .   f - +0 rapier
rCold   + . .      Faith    .   (no shield)
rNeg    . . .      Spirit   .   a - +0 robe
rPois   .          Reflect  .   (no helmet)
rElec   .          Harm     .   (no cloak)
rCorr   .          Rampage  .   (no gloves)
Will    .....                   (no boots)
Stlth   +++.......              (no amulet)
HPRegen 0.08/turn               g - ring of protection from fire
MPRegen 0.12/turn               i - ring of ice

@: no status effects
A: no striking features
a: no special abilities


You were on level 3 of the Dungeon.
You visited 1 branch of the dungeon, and saw 3 of its levels.

You collected 82 gold pieces.

Inventory:

Hand Weapons
 f - a +0 rapier (weapon)
Armour
 a - a +0 robe (worn)
Jewellery
 g - a ring of protection from fire (left hand)
 i - a ring of ice (right hand)
Wands
 k - a wand of paralysis (2)
Scrolls
 e - a scroll of amnesia {unknown}
 h - a scroll of teleportation
 l - a scroll of vulnerability {unknown}
 n - a scroll of blinking {unknown}
Potions
 b - a potion of magic
 c - a potion of mutation {unknown}
 d - a potion of might {unknown}
 j - a potion of resistance {unknown}


   Skills:
 * Level 1.8 Fighting
 - Level 2.4 Dodging
 + Level 3.3 Stealth
 + Level 3.8 Spellcasting
 - Level 1.1 Conjurations
 + Level 3.8 Fire Magic


You had 9 spell levels left.
You knew the following spells:

 Your Spells              Type           Power      Damage    Failure   Level
a - Foxfire               Conj/Fire      52%        2x1d6     4%          1

Your spell library contained the following spells:

 Spells                   Type           Power      Damage    Failure   Level
 Scorch                   Fire           38%        2d7       4%          2
 Shock                    Conj/Air       24%        1d4       11%         1
 Apportation              Tloc           6%         N/A       13%         1
 Conjure Flame            Conj/Fire      13%        6-21      14%         3
 Inner Flame              Hex/Fire       11%        N/A       19%         3
 Swiftness                Air            3%         N/A       36%         3
 Flame Wave               Conj/Fire      13%        2d6       43%         4
 Airstrike                Air            1%         N/A       78%         4
 Alistair's Intoxication  Tmut/Pois      2%         N/A       98%         5


Dungeon Overview and Level Annotations

Branches:
Dungeon (3/15)

Altars:
Xom


Message History

The gnoll is lightly wounded.
Your foxfire dissipates!
The foxfire hits the gnoll.
The gnoll is heavily wounded.
You conjure some foxfire!
There is not enough space to conjure foxfire!
There is not enough space to conjure foxfire!
Your foxfire dissipates!
The foxfire hits the gnoll.
The gnoll is almost dead.
You see here a +0 ring mail.
The gnoll attacks as you move away! The gnoll closely misses you.
You conjure some foxfire!
The gnoll barely misses you.
You conjure some foxfire!
The foxfire hits the gnoll.
You kill the gnoll!
The foxfire hits the gnoll.
The gnoll is moderately wounded.
You conjure some foxfire!
The foxfire hits the gnoll.
The gnoll is moderately wounded.
The foxfire hits the gnoll.
The gnoll is severely wounded.
You conjure some foxfire!
The foxfire hits the gnoll.
The gnoll is heavily wounded.
The foxfire hits the gnoll but does no damage.
The gnoll is severely wounded.
The gnoll hits you from afar with a +0 halberd!
Ouch! That really hurt!
You are too injured to fight recklessly!
You are too injured to fight recklessly!
You are too injured to fight recklessly!
The air fills with toxic fumes!
As you read the scroll of poison, it crumbles to dust.
The foxfire hits the gnoll.
The gnoll is severely wounded.
The foxfire hits the gnoll.
The gnoll is almost dead.
The gnoll closely misses you.
The gnoll hits you from afar with a +0 halberd!
Ouch! That really hurt!
You die...

#..###.#.......#.# ..
#§§#...#.##...##.#
....##§§#.............#
#.gg.§§#.....##.###..##
#§#..........#....
####g#.....##.#.#....
#§§§g####)....#.#....
#§§§)# #..#..#.#....
#§§g@####.......###..
#§§.§##.#.....#...'..
####§§..#.....#.###..
####.......#.###..
#..<.....#<#...#..
#..........'...#..
#......###.#...#..
####.#####.#......
#.......#..(...


You could see 3 gnolls.

Vanquished Creatures
  A gnoll (D:3)
  2 adders (D:2)
  A worm (D:3)
  2 dart slugs (D:1)
  An orc (D:3)
  6 ball pythons
  2 bats (D:2)
  7 endoplasms
  3 giant cockroaches
  3 goblins (D:2)
  4 hobgoblins
  2 jackals (D:2)
  4 kobolds
  2 frilled lizards
  2 rats
42 creatures vanquished.

Vanquished Creatures (others)
  233 foxfires
233 creatures vanquished.

Grand Total: 275 creatures vanquished

Notes
Turn   | Place    | Note
-------+----------+-------------------------------------------
     0 | D:1      | Hubjo the Deep Elf Fire Elementalist began the quest for
                  | the Orb.
     0 | D:1      | Reached XP level 1. HP: 10/10 MP: 6/6
   388 | D:1      | Reached XP level 2. HP: 2/16 MP: 0/8
  1042 | D:1      | Reached skill level 1 in Fighting
  1612 | D:2      | Reached XP level 3. HP: 17/20 MP: 3/9
  2137 | D:2      | Found a shimmering altar of Xom.
  2580 | D:3      | Reached XP level 4. HP: 26/26 MP: 7/11
  2759 | D:3      | Slain by a gnoll

Illustrated notes

Levels and vault maps discovered:
D:1:      beargit_arrival_diablo_church, layout_basic
D:2:      layout_rooms, basic_altar
D:3:      layout_basic, cheibrodos_sewer_entry_sluice, kennysheep_jessica_study

Skill      XL: |  1  2  3 |
---------------+----------+-----
Fighting       | 1 |  1.8
Stealth        | 3 |  3.3
Dodging        | |  2.4
Spellcasting   | |  3.8
Conjurations   | |  1.1
Fire Magic     | |  3.8

Action                   |  1- 3 |  4- 6 || total
-------------------------+-------+-------++-------
Melee: Unarmed           |     1 |       ||     1
       Rapier            |     6 |       ||     6
 Cast: Foxfire           |   121 |    17 ||   138
  Use: Scroll            |     2 |     1 ||     3
Armor: Robe              |    12 |       ||    12
Dodge: Dodged            |    53 |     3 ||    56

Table legend: (Time is in decaauts)
 A = Elapsed time spent in this place.
 B = Non-inter-level travel time spent in this place.
 C = Inter-level travel time spent in this place.
 D = Time resting spent in this place.
 E = Time spent auto-exploring this place.
 F = Levels seen in this place.
 G = Mean time per level.
                   A        B        C        D        E       F      G
               +--------+--------+--------+--------+--------+-----+--------+
         Total |   2759 |   2643 |    116 |    109 |   2231 |   3 |  919.7 |
       Dungeon |   2759 |   2643 |    116 |    109 |   2231 |   3 |  919.7 |
               +--------+--------+--------+--------+--------+-----+--------+

Top non-repeatable levels by time:
     D:1: 1592 daAuts
     D:2: 979 daAuts
     D:3: 187 daAuts
